 Dungeon Crawl Stone Soup version 0.25-a0-310-g60f0ac2d9a (webtiles) character file.

Game seed: 6355940704386101457, levelgen mode: deterministic

77654 tilp the Severer (level 15, -2/137 HPs)
             Began as a Hill Orc Necromancer on Dec 23, 2019.
             Was the Champion of Kikubaaqudgha.
             Killed from afar by a deep troll earth mage (31 damage)
             ... with a blast of metal fragments
             ... on level 14 of the Dungeon.
             The game lasted 01:53:08 (30594 turns).

tilp the Severer (Hill Orc Necromancer)            Turns: 30594, Time: 01:53:08

Health: -2/137     AC: 13    Str: 17    XL:     15   Next: 57%
Magic:  18/21      EV: 18    Int: 23    God:    Kikubaaqudgha [******]
Gold:   1293       SH:  0    Dex: 13    Spells: 9/22 levels left

rFire    + . .     SeeInvis .   a - +5 battleaxe (flame)
rCold    . . .     Gourm    .   (shield currently unavailable)
rNeg     . . .     Faith    .   v - +2 leather armour "Obberphow" {rF+ Int+3 Dex+2}
rPois    .         Spirit   .   T - +1 helmet
rElec    .         Reflect  .   K - +1 cloak
rCorr    .         Harm     .   X - +1 pair of gloves
MR       +....                  Y - +1 pair of boots
Stlth    ++........             U - amulet of the acrobat
HPRegen  0.32/turn              B - +4 ring of strength
MPRegen  0.17/turn              I - +2 ring of evasion

@: no status effects
A: no striking features
a: Receive Corpses, Torment, Brand Weapon With Pain, Receive Necronomicon,
Renounce Religion


You were on level 14 of the Dungeon.
You worshipped Kikubaaqudgha.
Kikubaaqudgha was exalted by your worship.
You were not hungry.

You visited 4 branches of the dungeon, and saw 23 of its levels.
You also visited: Bailey.

You collected 2376 gold pieces.
You spent 1083 gold pieces at shops.

Inventory:

Hand Weapons
 a - a +5 battleaxe of flaming (weapon)
 J - a +0 executioner's axe
 Z - the +9 staff of Wucad Mu {channel}
   (You found it on level 6 of the Lair of Beasts)
Missiles
 y - 8 javelins (quivered)
 A - 7 curare-tipped darts
 O - a throwing net
Armour
 d - the +2 helmet of Loss {Regen+ Int-2 Stlth+}
   (You acquired it on level 3 of the Lair of Beasts)

   It affects your intelligence (-2).
   It increases your rate of regeneration.
   It makes you more stealthy.
 v - the +2 leather armour "Obberphow" (worn) {rF+ Int+3 Dex+2}
   (You bought it in a shop on level 2 of the Orcish Mines)

   It affects your intelligence (+3).
   It affects your dexterity (+2).
   It protects you from fire.
 K - a +1 cloak (worn)
 R - the +0 Maxwell's etheric cage {RegenMP+ *Contam rElec MP+4}
   (You acquired it on level 13 of the Dungeon)

   It insulates you from electricity.
   It affects your magic capacity (+4).
   It causes magical contamination when unequipped.
 T - a +1 helmet (worn)
 X - a +1 pair of gloves (worn)
 Y - a +1 pair of boots (worn)
Jewellery
 x - an uncursed ring of protection from fire
 B - a +4 ring of strength (left hand)
 I - a +2 ring of evasion (right hand)
 N - an uncursed ring of flight
 Q - the ring "Kiydghat" {-Tele +Fly rPois rN+++ Dex+5}
   (You found it in a bailey)

   [ring of flight]

   It affects your dexterity (+5).
   It protects you from poison.
   It renders you almost immune to negative energy.
   It lets you fly.
   It prevents most forms of teleportation.
 U - an amulet of the acrobat (around neck)
Wands
 e - a wand of iceblast (7)
 i - a wand of flame (13)
 D - a wand of acid (12)
 E - a wand of polymorph (19)
 G - a wand of clouds (1)
 H - a wand of digging (9)
 V - a wand of paralysis (6)
Scrolls
 h - 3 scrolls of amnesia
 j - 13 scrolls of teleportation
 k - a scroll of identify
 n - 6 scrolls of remove curse
 p - 2 scrolls of fog
 r - a scroll of vulnerability {unknown}
 s - 6 scrolls of fear
 w - 2 scrolls of magic mapping
Potions
 b - a potion of brilliance
 f - 5 potions of flight
 g - a potion of invisibility
 l - 2 potions of cancellation
 m - 4 potions of curing
 o - 3 potions of agility
 q - 4 potions of resistance
 t - 6 potions of heal wounds
 u - 3 potions of haste
 z - 3 potions of might
 C - 2 potions of ambrosia
 F - 4 potions of berserk rage
 L - 2 potions of magic
 W - 2 potions of mutation
Miscellaneous
 M - a phantom mirror
 S - a crystal ball of energy
Comestibles
 c - 20 rations
 P - 2 chunks of flesh


   Skills:
 + Level 13.7 Fighting
 - Level 20.0 Axes
 - Level 8.0 Dodging
 - Level 4.0 Stealth
   Level 4.1 Shields
 - Level 4.0 Spellcasting
 - Level 6.0 Charms
 - Level 12.0 Necromancy
 - Level 4.0 Evocations


You had 9 spell levels left.
You knew the following spells:

 Your Spells              Type           Power        Failure   Level  Hunger
a - Pain                  Necr           ####         1%          1    None
b - Animate Skeleton      Necr           N/A          1%          1    None
c - Vampiric Draining     Necr           ######....   1%          3    ##.....
d - Regeneration          Chrm/Necr      #####.....   1%          3    ##.....
e - Animate Dead          Necr           N/A          1%          4    ####...
f - Apportation           Tloc           #.....       13%         1    None

Your spell library contained the following spells:

 Spells                   Type           Power        Failure   Level  Hunger
 Sublimation of Blood     Necr           ######....   1%          2    #......
 Agony                    Necr           ######..     2%          5    ######.
 Dispel Undead            Necr           ######..     2%          5    ######.
 Excruciating Wounds      Chrm/Necr      #####.....   9%          5    ######.
 Spectral Weapon          Hex/Chrm       ###.....     11%         3    ##.....
 Confusing Touch          Hex            #.....       13%         1    None
 Freeze                   Ice            #...         13%         1    None
 Summon Butterflies       Summ           #.......     13%         1    None
 Summon Small Mammal      Summ           #...         13%         1    None
 Death Channel            Necr           ######....   14%         6    #######
 Call Imp                 Summ           #.......     19%         2    #......
 Call Canine Familiar     Summ           #.......     36%         3    ##.....
 Stone Arrow              Conj/Erth      #.....       36%         3    ##.....
 Summon Guardian Golem    Hex/Summ       #.......     36%         3    ##.....
 Leda's Liquefaction      Hex/Erth       #.........   77%         4    ####...
 Summon Ice Beast         Ice/Summ       #.......     77%         4    ####...
 Summon Lightning Spire   Summ/Air       #.......     77%         4    ####...
 Simulacrum               Ice/Necr       ####......   86%         6    #######
 Ozocubu's Refrigeration  Ice            #.........   100%        6    #######
 Chain Lightning          Conj/Air       #.........   100%        8    #######
 Discord                  Hex            #.........   100%        8    #######
 Lehudib's Crystal Spear  Conj/Erth      #.........   100%        8    #######
 Fire Storm               Conj/Fire      #.........   100%        9    #######
 Glaciate                 Conj/Ice       #.........   100%        9    #######
 Shatter                  Erth           #.........   100%        9    #######


Dungeon Overview and Level Annotations

Branches:
Dungeon (14/15)            Temple (1/1) D:4            Lair (6/6) D:9
 Shoals (0/4) Lair:3        Snake (0/4) Lair:4        Slime (0/5) Lair:6
    Orc (2/2) D:12            Elf (0/3) Orc:2        Vaults (0/5) D:13
 Bailey (visited)

Altars:
Fedhas
Gozag
Hepliaklqana
Kikubaaqudgha
Nemelex Xobeh
Qazlal
Ru
Sif Muna
Trog
Uskayaw
Wu Jian
Xom
Yredelemnul
The Shining One
Beogh
Jiyva

Shops:
D:8 [   D:9 *   D:12 }   Orc:2 :*([

Annotations:
Lair:4 2 runed translucent doors, Atiagead's ghost, adept DrCj


Message History

Reactivating autopickup.
You feel a bit more experienced.
Unknown command.
You hit the deep troll earth mage. You burn the deep troll earth mage.
The deep troll earth mage is lightly wounded.
A yaktaur comes into view.
The deep troll earth mage casts a spell at you.
The metal wall shatters!
The blast of metal fragments hits you!
* * * LOW HITPOINT WARNING * * *
Casting: Animate Skeleton (safe; 1% risk of failure)
Confirm with . or Enter, or press ? or * to list all spells.
Aiming: Vampiric Draining (safe; 1% risk of failure)
Press: ? - help, Shift-Dir - straight line, f - deep troll earth mage
Aim: a deep troll earth mage (lightly wounded)
The deep troll earth mage is moderately wounded.
You feel life coursing into your body.
The deep troll earth mage casts a spell at you.
The metal wall shatters!
The blast of metal fragments hits you!!
You die...
Kikubaaqudgha rasps: "You have failed me!
Welcome... death!"

## ## #. .# .#. ...
##.## #
###############$($# .##
..............#####cT.#
#############(.(@TcW#
#######cp.# #)?(# .##
##.## # ... .#. #. .#
## ##


You could see a centaur warrior, a deep troll, a deep troll earth mage, 2
yaktaurs, a freezing wraith and a human.

Vanquished Creatures
  Jorgrun (D:12)
  2 orc warlords
  Nessos (Lair:6)
  A fire dragon (D:9)
  An ogre mage (Orc:2)
  Harold (D:9)
  A merfolk avatar (Lair:6)
  A catoblepas (Lair:3)
  3 vault guards (D:13)
  Erolcha (D:10)
  2 centaur warriors (D:13)
  3 hydras
  10 two-headed ogres
  2 orc high priests
  Nergalle (D:11)
  4 unseen horrors
  A deep elf archer (D:14)
  5 orc knights
  A harpy (Lair:6)
  An orb spider (D:9)
  An oklob plant (Lair:4)
  2 ugly things
  A deep elf mage (D:14)
  4 orc sorcerers
  3 manticores
  5 elephants (Lair:6)
  2 cyclopes
  A black mamba (Lair:5)
  A gargoyle (D:13)
  Psyche (D:8)
  2 centaur skeletons
  2 centaur zombies
  2 kobold demonologists (D:13)
  15 spiny frogs
  3 rime drakes (Lair:6)
  12 komodo dragons
  A queen bee (Lair:5)
  3 meliai (Lair:5)
  The ghost of Error4North the Chopper, an amateur HOFi (D:4)
  A polar bear (Lair:5)
  4 blink frogs
  3 trolls
  A hornet (D:13)
  8 hippogriffs
  A spriggan (D:9)
  5 humans (D:13)
  3 wyverns
  A basilisk (Lair:6)
  43 yaks
  A steam dragon (D:8)
  2 hungry ghosts
  4 vampire mosquitoes (D:13)
  3 wargs
  The ghost of bmj180 the Gusty, an amateur TeAE (D:4)
  12 water moccasins
  9 porcupines
  2 sky beasts
  34 orc warriors
  9 ice beasts
  A black bear (D:9)
  3 phantoms
  15 ogres
  The ghost of floatRand the Chopper, an amateur DsGl (D:3)
  13 centaurs
  11 crocodiles
  2 big kobolds
  9 bullfrogs
  A wyvern skeleton (D:13)
  A scorpion (D:8)
  19 killer bees (Lair:5)
  7 howler monkeys
  3 electric eels (D:10)
  2 crimson imps
  9 jellies
  14 orc priests
  2 hounds
  15 orc wizards
  A bullfrog skeleton (D:6)
  6 iguanas
  5 worker ants
  A human simulacrum (D:9)
  A howler monkey zombie (D:11)
  A worker ant zombie (D:5)
  15 gnolls
  12 adders
  20 oozes
  An adder skeleton (D:5)
  A worm (D:2)
  A dart slug (D:4)
  An adder simulacrum (D:3)
  2 leopard geckos
  82 orcs
  7 giant cockroaches
  16 hobgoblins
  4 jackals
  6 quokkas
  8 bats
  8 frilled lizards
  21 goblins
  A jackal simulacrum (D:3)
  7 kobolds
  A leopard gecko simulacrum (D:3)
  A leopard gecko skeleton (D:4)
  2 quokka simulacra (D:3)
  2 quokka skeletons
  8 rats
  5 fungi
  6 plants
633 creatures vanquished.

Vanquished Creatures (collateral kills)
  2 hydras
  A sea snake (Lair:6)
  An orc knight (Orc:2)
  A cyclops (D:13)
  A manticore (Lair:6)
  3 elephants (Lair:6)
  A torpor snail (Lair:6)
  A komodo dragon (Lair:4)
  An efreet (D:7)
  2 spiny frogs (Lair:6)
  2 rime drakes (Lair:6)
  2 trolls
  5 blink frogs
  A hornet (Lair:6)
  3 wyverns
  3 humans (D:13)
  A shadow (D:11)
  8 yaks
  A warg (Orc:2)
  A porcupine (Lair:2)
  5 orc warriors
  An ice beast (D:10)
  4 ogres
  2 centaurs
  3 crocodiles
  A killer bee (Lair:5)
  A howler monkey (D:9)
  A crimson imp (D:7)
  A centaur zombie (D:7)
  2 orc priests
  A bullfrog skeleton (D:4)
  2 hounds (D:11)
  A jelly (D:9)
  An orc wizard (D:12)
  Jessica (D:2)
  A worker ant (D:4)
  An adder (D:10)
  An ooze (D:3)
  An adder zombie (D:7)
  3 adder skeletons
  A dart slug (D:1)
  2 leopard geckos
  4 orcs
  2 goblins (Bailey)
  A quokka (D:7)
  2 kobolds (D:9)
  A rat (D:3)
  3 fungi
  2 plants
93 creatures vanquished.

Vanquished Creatures (others)
  A human (D:13)
  An eye of draining (D:7)
  A bullfrog skeleton (D:7)
  A human simulacrum (D:9)
  24 fungi
  16 plants
  4 withered plants (D:4)
48 creatures vanquished.

Grand Total: 774 creatures vanquished

Notes
Turn   | Place    | Note
-------+----------+-------------------------------------------
     0 | D:1      | tilp the Hill Orc Necromancer began the quest for the Orb.
     0 | D:1      | Reached XP level 1. HP: 14/14 MP: 3/3
   288 | D:1      | Reached skill level 1 in Fighting
   328 | D:1      | Learned a level 1 spell: Animate Skeleton
   442 | D:1      | Reached XP level 2. HP: 10/24 MP: 1/4
  1537 | D:2      | Reached XP level 3. HP: 18/31 MP: 1/5
  2101 | D:2      | Noticed Jessica
  2108 | D:2      | Killed Jessica
  2108 | D:2      | Reached XP level 4. HP: 23/41 MP: 0/6
  2545 | D:2      | Learned a level 3 spell: Vampiric Draining
  2767 | D:3      | Found a runed translucent gate.
  2768 | D:3      | Found a runed translucent gate.
  3424 | D:3      | Noticed floatRand's ghost (amateur DsGl)
  3447 | D:3      | Found a runed translucent gate.
  3492 | D:3      | Reached XP level 5. HP: 47/47 MP: 7/7
  3945 | D:4      | Found a staircase to the Ecumenical Temple.
  3954 | Temple   | Entered the Ecumenical Temple
  3974 | Temple   | Became a worshipper of Kikubaaqudgha
  4043 | D:4      | Reached XP level 6. HP: 47/53 MP: 3/9
  4106 | D:4      | Reached skill level 5 in Necromancy
  4449 | D:4      | Found a runed translucent gate.
  4449 | D:4      | Found a runed translucent gate.
  4451 | D:4      | Found a runed translucent gate.
  4452 | D:4      | Noticed bmj180's ghost (amateur TeAE)
  4453 | D:4      | Noticed Error4North's ghost (amateur HOFi)
  4468 | D:4      | Found a sparkling altar of Nemelex Xobeh.
  4543 | D:4      | Reached skill level 5 in Fighting
  4543 | D:4      | Reached skill level 2 in Axes
  4543 | D:4      | Reached XP level 7. HP: 58/61 MP: 3/10
  4579 | D:4      | Found a hazy altar of Hepliaklqana.
  4581 | D:4      | Found a glowing golden altar of the Shining One.
  4650 | D:4      | Reached skill level 3 in Axes
  4789 | D:4      | Reached skill level 4 in Axes
  5088 | D:4      | Learned a level 3 spell: Regeneration
  5099 | D:5      | Entered Level 5 of the Dungeon
  5157 | D:5      | Reached skill level 5 in Axes
  5332 | D:5      | Found a shimmering blue altar of Sif Muna.
  5548 | D:5      | Reached skill level 6 in Axes
  5548 | D:5      | Reached XP level 8. HP: 52/70 MP: 5/11
  5549 | D:5      | Reached * piety under Kikubaaqudgha
  5549 | D:5      | Identified Kikubaaqudgha's Reference Book on Dark Rituals
                  | (Kikubaaqudgha gifted it to you on level 5 of the Dungeon)
  5549 | D:5      | Received a gift from Kikubaaqudgha
  5574 | D:5      | Reached skill level 1 in Charms
  5850 | D:5      | Found an ornate altar of the Wu Jian Council.
  5850 | D:5      | Found a blossoming altar of Fedhas.
  7692 | D:7      | Noticed a two-headed ogre
  7693 | D:7      | Noticed an efreet
  7848 | D:7      | Reached XP level 9. HP: 71/75 MP: 2/12
  7984 | D:7      | Killed a two-headed ogre
  7984 | D:7      | Reached skill level 7 in Axes
  8210 | D:7      | Identified the Catalogue of Pessimism
  8213 | D:7      | Got a spiked leather armour
  8241 | D:7      | Killed an efreet
  8497 | D:7      | You fall into a shaft and drop 1 floor!
  8596 | D:8      | Noticed Maurice
  8685 | D:7      | Identified the +1 leather armour "Pamat" {Stlth+} (You
                  | found it on level 7 of the Dungeon)
  8988 | D:7      | Learned a level 4 spell: Animate Dead
  9006 | D:8      | Found Ijol's Antique Armour Boutique.
  9009 | D:8      | Noticed Psyche
  9235 | D:8      | Reached skill level 8 in Axes
  9524 | D:8      | Killed Psyche
  9524 | D:8      | Reached skill level 1 in Evocations
  9625 | D:8      | Paralysed by fainting for 12 turns
  9758 | D:8      | Bought a pair of gloves for 144 gold pieces
  9758 | D:8      | Bought a pair of boots for 144 gold pieces
  9801 | D:8      | Reached skill level 9 in Axes
  9801 | D:8      | Reached XP level 10. HP: 74/88 MP: 13/13
 10182 | D:9      | Found Mulatalu's Assorted Antiques.
 10219 | D:9      | Noticed a white ugly thing
 10290 | D:9      | Reached skill level 10 in Axes
 10290 | D:9      | Reached skill level 1 in Shields
 10536 | D:9      | Killed a white ugly thing
 10618 | D:9      | Noticed a fire dragon
 10787 | D:9      | Noticed Prince Ribbit
 10788 | D:9      | Noticed Prince Ribbit
 10788 | D:9      | Prince Ribbit changed into Prince Ribbit the orb spider
 10803 | D:9      | Killed Prince Ribbit the orb spider
 10818 | D:9      | Reached ** piety under Kikubaaqudgha
 10824 | D:9      | Noticed Harold
 10845 | D:9      | Killed Harold
 10845 | D:9      | Reached skill level 11 in Axes
 11152 | D:8      | Noticed Maurice
 11152 | D:8      | Maurice changed into Maurice the swamp drake
 11153 | D:8      | Noticed Maurice
 11153 | D:8      | Maurice the swamp drake changed into Maurice the steam
                  | dragon
 11173 | D:8      | Killed Maurice the steam dragon
 11173 | D:8      | Reached skill level 12 in Axes
 12000 | D:9      | Found a staircase to the Lair.
 12169 | D:10     | Entered Level 10 of the Dungeon
 12213 | D:10     | Reached skill level 13 in Axes
 12213 | D:10     | Reached XP level 11. HP: 85/94 MP: 14/14
 12216 | D:10     | Noticed Erolcha
 12220 | D:10     | Learned a level 1 spell: Apportation
 12464 | D:10     | Noticed a two-headed ogre
 12726 | D:10     | Killed a two-headed ogre
 12927 | D:10     | Killed Erolcha
 12927 | D:10     | Reached skill level 14 in Axes
 13748 | D:11     | Noticed Nergalle
 13766 | D:11     | Killed Nergalle
 13766 | D:11     | Reached skill level 15 in Axes
 13781 | D:11     | Reached *** piety under Kikubaaqudgha
 13781 | D:11     | Identified Kikubaaqudgha's Handbook of Sinister Arts
                  | (Kikubaaqudgha gifted it to you on level 11 of the Dungeon)
 13781 | D:11     | Received a gift from Kikubaaqudgha
 13803 | D:11     | Killed an unseen horror
 14261 | D:11     | Reached skill level 16 in Axes
 14838 | D:11     | Noticed a manticore
 14855 | D:11     | Killed a manticore
 14855 | D:11     | Reached XP level 12. HP: 57/103 MP: 3/15
 15235 | D:9      | Bought a glowing battleaxe for 361 gold pieces
 15391 | D:3      | Killed floatRand's ghost
 15407 | D:3      | Reached **** piety under Kikubaaqudgha
 15559 | D:4      | Killed Error4North's ghost
 15585 | D:4      | Killed bmj180's ghost
 15725 | D:9      | Killed a fire dragon
 15725 | D:9      | Reached skill level 5 in Dodging
 15935 | Lair:1   | Entered Level 1 of the Lair of Beasts
 17655 | Lair:2   | Noticed an eight-headed hydra
 17660 | Lair:2   | Killed a six-headed hydra
 17660 | Lair:2   | Reached skill level 10 in Fighting
 18172 | Lair:3   | Reached skill level 17 in Axes
 18328 | Lair:3   | Found a staircase to the Shoals.
 18393 | Lair:3   | Found a stormy altar of Qazlal.
 18407 | Lair:3   | Noticed a catoblepas
 18434 | Lair:3   | Killed a catoblepas
 19132 | Lair:3   | Identified a scroll of acquirement
 19133 | Lair:3   | Got a translucent helmet
 19775 | Lair:4   | Noticed a four-headed hydra
 19783 | Lair:4   | Killed a three-headed hydra
 19783 | Lair:4   | Reached skill level 18 in Axes
 19823 | Lair:4   | Found a large runed translucent door.
 19824 | Lair:4   | Found a large runed translucent door.
 19825 | Lair:4   | Noticed Atiagead's ghost (adept DrCj)
 19864 | Lair:4   | Found a staircase to the Snake Pit.
 19994 | Lair:4   | Reached XP level 13. HP: 111/113 MP: 14/16
 20196 | Lair:4   | Reached ***** piety under Kikubaaqudgha
 20716 | Lair:4   | Reached skill level 19 in Axes
 21969 | Lair:5   | Reached skill level 20 in Axes
 22436 | Lair:6   | Entered Level 6 of the Lair of Beasts
 22436 | Lair:6   | Noticed Nessos
 22444 | Lair:6   | Killed Nessos
 23143 | Lair:6   | Reached skill level 10 in Necromancy
 23387 | Lair:6   | Reached XP level 14. HP: 81/121 MP: 15/20
 23594 | Lair:6   | Reached ****** piety under Kikubaaqudgha
 23687 | Lair:6   | Identified the +2 helmet of Loss {Regen+ Int-2 Stlth+} (You
                  | acquired it on level 3 of the Lair of Beasts)
 23713 | Lair:6   | Found a viscous altar of Jiyva.
 23713 | Lair:6   | Found a staircase to the Slime Pits.
 24003 | Lair:6   | Found the +9 staff of Wucad Mu {channel}
 24267 | Lair:6   | Identified the Almanac of the Snowflakes and Earth
 24787 | D:12     | Found Wosion's Gadget Shoppe.
 24971 | D:12     | Found a staircase to the Orcish Mines.
 24983 | D:12     | Noticed Jorgrun
 25000 | D:12     | Killed Jorgrun
 25630 | D:12     | Found a bloodstained altar of Trog.
 25743 | Orc:1    | Entered Level 1 of the Orcish Mines
 25796 | Orc:1    | Found a roughly hewn altar of Beogh.
 25916 | Orc:2    | Entered Level 2 of the Orcish Mines
 25928 | Orc:2    | Noticed an orc warlord
 26471 | Orc:1    | Killed an orc warlord
 26734 | Orc:2    | Found Arevvec's Antique Armour Emporium.
 26812 | Orc:2    | Paralysed by an orc sorcerer for 7 turns
 26902 | Orc:2    | Found Omnan's Antique Weapon Boutique.
 28002 | Orc:2    | Paralysed by an ogre mage for 4 turns
 28017 | Orc:2    | Reached skill level 5 in Charms
 28125 | Orc:2    | Found Utycybapu's Book Shop.
 28168 | Orc:2    | Reached XP level 15. HP: 117/132 MP: 21/21
 28178 | Orc:2    | Found a staircase to the Elven Halls.
 28199 | Orc:2    | Found Kaapt's General Store.
 28207 | Orc:2    | Bought a scroll of identify for 22 gold pieces
 28207 | Orc:2    | Bought a scroll of identify for 22 gold pieces
 28207 | Orc:2    | Bought a potion of might for 44 gold pieces
 28388 | Orc:2    | Bought an ancient leather armour for 203 gold pieces
 28388 | Orc:2    | Identified the +2 leather armour "Obberphow" {rF+ Int+3
                  | Dex+2} (You bought it in a shop on level 2 of the Orcish
                  | Mines)
 28728 | Orc:1    | Found a roughly hewn altar of Beogh.
 28912 | Orc:2    | Bought a scroll of teleportation for 33 gold pieces
 28912 | Orc:2    | Bought a potion of haste for 110 gold pieces
 29006 | D:13     | Found a flagged portal.
 29017 | Bailey   | Entered a bailey
 29223 | Bailey   | Noticed an orc warlord
 29265 | Bailey   | Killed an orc warlord
 29343 | Bailey   | Identified the ring "Kiydghat" {-Tele +Fly rPois rN+++
                  | Dex+5} (You found it in a bailey)
 29391 | D:13     | Found the +0 Maxwell's etheric cage {RegenMP+ *Contam rElec
                  | MP+4}
 29609 | D:13     | Found a gate to the Vaults.
 30518 | D:14     | Found a hide-covered altar of Uskayaw.
 30594 | D:14     | Killed from afar by a deep troll earth mage

Levels and vault maps discovered:
D:1:      minmay_arrival_four_houses, layout_basic
D:2:      layout_loops_ring, minmay_split_cup_small, uniq_jessica
D:3:      layout_loops_ring, first_ration, gammafunk_ghost_icy,
          serial_park_tiny_pond
D:4:      minmay_razor_zed, layout_basic, old_standard_altar,
          chequers_temple_overflow_statue_of_worship,
          minmay_temple_entry_sparse_star, gammafunk_ghost_cemetery
D:5:      layout_basic, marbit_many_paths, gammafunk_temple_overflow_wave
D:6:      layout_basic
D:7:      minmay_the_grid_square_5x5_3x3 [minmay_the_grid_square_5x5_tie,
          minmay_the_grid_square_5x5_inset, minmay_the_grid_square_5x5_inner_z,
          minmay_the_grid_square_5x5_two_walls_b,
          minmay_the_grid_square_5x5_megaprize_diamond,
          minmay_the_grid_square_5x5_fancy_junction,
          minmay_the_grid_square_5x5_c, minmay_the_grid_square_5x5_inner_i,
          minmay_the_grid_square_5x5_percent], layout_loops_ring
D:8:      layout_loops_ring, serial_shops, shop, uniq_maurice, uniq_psyche
D:9:      layout_grid_maze, minmay_lair_entry_lava, serial_shops, shop,
          the_bakery, bh_circular_ruins, uniq_harold, uniq_prince_ribbit1
D:10:     minmay_twisted_water, layout_basic, uniq_erolcha
D:11:     layout_basic, uniq_nergalle
D:12:     layout_long_grid, erik_orc_4, basic_altar, serial_shops, shop,
          uniq_jorgrun
D:13:     layout_loops_corners, ximxim_vaults_locker_room, enter_bailey_3
D:14:     minmay_guarded_unrand_guard, layout_cross, basic_altar,
          gammafunk_ghost_arena
Temple:   compressed_dpeg_circular_temple
Lair:1:   layout_cave_pods, chequers_serial_rivers_micro_c, lemuel_fruit_fields
Lair:2:   layout_roguey, minivault_26, serial_bayou_pond_e, beast_lair_carwin_1,
          grunt_megastairs_5
Lair:3:   layout_gridlike, shoals_dummy_entry, basic_altar, grunt_megastairs_3
Lair:4:   lemuel_slime, layout_layer_cave, dummy_snake_entry,
          ebering_ghost_disaster_area, grunt_megastairs_4
Lair:5:   layout_roguey, special_room [special_room_bee], serial_bayou_crossing
Lair:6:   gammafunk_lair_ancient_temple, layout_loops_ring, slime_altar_1,
          uniq_nessos
Orc:1:    layout_diamond_mine, basic_altar, nicolae_orc_lost_temple
Orc:2:    grunt_orc_gardens, layout_caves, grunt_orc_garden, grunt_orc_garden,
          grunt_orc_garden, grunt_orc_garden

Skill      XL: |  1  2  3  4  5  6  7  8  9 10 11 12 13 14 15 |
---------------+----------------------------------------------+-----
Fighting       | 1 3 4 5 6 8 10 12 13 | 13.7
Dodging        | 2 4 6 8 |  8.0
Stealth        | 2 3 4 |  4.0
Spellcasting   | 2 4 |  4.0
Necromancy     | 6 8 10 12 | 12.0
Axes           | 2 6 9 13 16 18 20 | 20.0
Charms         | 2 6 |  6.0
Evocations     | 3 4 |  4.0
Shields        | 4 |  4.1

Action                   |  1- 3 |  4- 6 |  7- 9 | 10-12 | 13-15 || total
-------------------------+-------+-------+-------+-------+-------++-------
Melee: Hand axe          |       |     7 |   176 |    29 |       ||   212
       War axe           |       |       |       |   425 |       ||   425
       Battleaxe         |       |       |       |   145 |   914 ||  1059
 Fire: Hunting sling     |    35 |    69 |    82 |     3 |       ||   189
Throw: Stone             |       |       |       |     7 |       ||     7
       Boomerang         |       |       |       |     7 |    12 ||    19
       Dart              |       |       |       |     2 |     4 ||     6
 Cast: Pain              |    49 |    62 |    69 |    97 |   101 ||   378
       Animate Skeleton  |     4 |     5 |    18 |    45 |    42 ||   114
       Regeneration      |       |       |     2 |    18 |    54 ||    74
       Vampiric Draining |       |       |     2 |    14 |     1 ||    17
       Animate Dead      |       |       |     1 |     7 |    30 ||    38
       Apportation       |       |       |       |     7 |       ||     7
Invok: Receive Corpses   |       |       |     1 |     2 |     2 ||     5
Evoke: Wand              |       |       |    10 |    20 |    11 ||    41
       Phantom mirror    |       |       |     1 |       |     1 ||     2
  Use: Potion            |     1 |     2 |     2 |       |     4 ||     9
       Scroll            |       |     3 |    10 |    13 |    22 ||    48
 Stab: Sleeping          |       |       |     4 |     8 |    11 ||    23
       Distracted        |       |       |       |     2 |     5 ||     7
       Paralysed         |       |       |       |       |     3 ||     3
  Eat: Chunk             |     5 |     9 |    12 |    19 |    35 ||    80
       Ration            |       |       |     4 |     6 |     4 ||    14
Armor: Robe              |     5 |       |       |       |       ||     5
       Skin              |     3 |       |       |       |       ||     3
       Leather armour    |       |     5 |    77 |   140 |   165 ||   387
Dodge: Dodged            |    14 |    34 |   137 |   292 |   617 ||  1094
Block: Buckler           |       |       |       |    81 |       ||    81

Table legend:
 A = Non-vault XP
 B = Vault XP
 C = Vault XP percentage of total XP
 D = Non-vault monster count
 E = Vault monster count
 F = Vault count percentage of total count
                 A         B        C        D         E       F
            +---------+---------+-------+---------+---------+-------
      Total |   67757 |   43178 |  38.9 |     451 |     259 |  36.5
            +---------+---------+-------+---------+---------+-------
        D:1 |      30 |       0 |   0.0 |      21 |       0 |   0.0
        D:2 |      23 |      51 |  68.9 |       8 |       4 |  33.3
        D:3 |      66 |     119 |  64.3 |      20 |       6 |  23.1
        D:4 |     800 |     763 |  48.8 |      20 |       8 |  28.6
        D:5 |     325 |      13 |   3.8 |      10 |       1 |   9.1
        D:6 |     495 |       0 |   0.0 |      18 |       0 |   0.0
        D:7 |      39 |    1550 |  97.5 |       2 |      11 |  84.6
        D:8 |     972 |     629 |  39.3 |      12 |       2 |  14.3
        D:9 |    2330 |    2567 |  52.4 |      36 |       5 |  12.2
       D:10 |    2371 |    1319 |  35.7 |      28 |       4 |  12.5
       D:11 |    5032 |     781 |  13.4 |      43 |       1 |   2.3
       D:12 |    2388 |    2246 |  48.5 |      17 |      18 |  51.4
       D:13 |    9976 |    3973 |  28.5 |      36 |      15 |  29.4
       D:14 |    2542 |     917 |  26.5 |       5 |       2 |  28.6
     Lair:1 |    2082 |       0 |   0.0 |       8 |       0 |   0.0
     Lair:2 |    3118 |     852 |  21.5 |      13 |       7 |  35.0
     Lair:3 |    1562 |     668 |  30.0 |       5 |       3 |  37.5
     Lair:4 |    6178 |    1388 |  18.3 |      24 |      25 |  51.0
     Lair:5 |    5130 |    2393 |  31.8 |      16 |      24 |  60.0
     Lair:6 |   12278 |    9962 |  44.8 |      51 |      27 |  34.6
      Orc:1 |    2789 |    3770 |  57.5 |      33 |       7 |  17.5
      Orc:2 |    7231 |    5292 |  42.3 |      25 |      20 |  44.4
     Bailey |       0 |    3925 | 100.0 |       0 |      69 | 100.0
            +---------+---------+-------+---------+---------+-------
